 Dungeon Crawl Stone Soup version 0.29.0-4-gdea44cf6ec (webtiles) character file.

Game seed: 14867592898935415972

49 qw the Chopper (level 3, -1/21 HPs)
             Began as a Tengu Warper on Aug 28, 2022.
             Slain by a gnoll
             ... wielding a +0 spear
              (4 damage)
             ... on level 2 of the Dungeon.
             The game lasted 00:00:09 (1960 turns).

qw the Chopper (Tengu Warper)                       Turns: 1960, Time: 00:00:09

Health: -1/21      AC:  3    Str: 13    XL:     3   Next: 75%
Magic:  7/7        EV: 12    Int: 13    God:
Gold:   114        SH:  0    Dex: 13    Spells: 6/6 levels left

rFire   . . .      SeeInvis .   Y - +0 hand axe
rCold   . . .      Faith    .   (no shield)
rNeg    . . .      Spirit   .   b - +0 leather armour
rPois   .          Reflect  .   (helmet restricted)
rElec   .          Harm     .   (no cloak)
rCorr   .          Rampage  .   (no gloves)
Will    .....                   (boots unavailable)
Stlth   +.........              (no amulet)
HPRegen 0.07/turn               (no ring)
MPRegen 0.10/turn               (no ring)

@: no status effects
A: beak, talons 3
a: no special abilities


You were on level 2 of the Dungeon.
You visited 1 branch of the dungeon, and saw 2 of its levels.

You collected 114 gold pieces.


Innate Abilities, Weirdness & Mutations

You have a beak for a mouth.
You have claws for feet.


   Skills:
 - Level 2.0 Fighting
 + Level 4.4 Axes
 - Level 1.0 Throwing
 - Level 1.1 Armour
 - Level 2.1 Dodging
 - Level 2.0 Spellcasting
 - Level 2.4 Translocations


You had 6 spell levels left.
You didn't know any spells.
Your spell library contained the following spells:

 Spells                   Type           Power      Damage    Failure   Level
 Blink                    Tloc           14%        N/A       19%         2
 Gell's Gravitas          Tloc           7%         N/A       36%         3
 Lesser Beckoning         Tloc           7%         N/A       36%         3
 Teleport Other           Tloc           7%         N/A       36%         3
 Manifold Assault         Tloc           7%         N/A       98%         5

Inventory:

Hand Weapons
 g - a +0 whip
 Y - a +0 hand axe (weapon)
Armour
 b - a +0 leather armour (worn)
Scrolls
 a - a scroll of teleportation {unknown}
Potions
 e - a potion of resistance {unknown}
 f - a potion of magic {unknown}

Dungeon Overview and Level Annotations

Branches:
Dungeon (2/15)

Altars:


Message History

The endoplasm quivers.
You hit the endoplasm but do no damage. You claw the endoplasm.
You kill the endoplasm!
A gnoll comes into view. It is wielding a +0 whip.
The gnoll shouts!
A gnoll comes into view. It is wielding a +0 spear.
The gnoll moves out of view.
1945 ||| Stepping ~*~*~tactically~*~*~ (stealth).
a - a scroll labelled NEYPIL YNASTRUM A quokka comes into view.
You closely miss the quokka. You peck the quokka.
The quokka is lightly wounded.
The quokka closely misses you.
You barely miss the quokka. Your kick misses the quokka.
The quokka is lightly wounded.
The quokka closely misses you.
You hit the quokka.
You kill the quokka!
A gnoll comes into view. It is wielding a +0 spear.
The gnoll hits something with a +0 spear.
1954 ||| Stepping ~*~*~tactically~*~*~ (stealth).
The gnoll shouts!
You hear a shout!
The gnoll shouts!
A nearby plant withers and dies.
The gnoll hits you with a +0 whip!
The gnoll hits you from afar with a +0 spear.
You hit the gnoll. You peck the gnoll. You punch the gnoll.
The gnoll is severely wounded.
A nearby plant withers and dies.
The gnoll hits you with a +0 whip. The gnoll barely misses you.
You hit the gnoll. You peck the gnoll.
You kill the gnoll!
A hobgoblin comes into view.
The gnoll hits you from afar with a +0 spear.
The hobgoblin shouts!
The gnoll barely misses you. The gnoll closely misses you.
You see here a +0 whip.
You closely miss the gnoll. Your kick misses the gnoll.
The gnoll barely misses you.
The gnoll hits you from afar with a +0 spear.
You die... ...PP...... #.PP.PPPP.#

..P.....P.# #gPP..P...#
##.P..PP.P.###
#.....P.g....#
...P.P..g.# #####
##.....@.# #....
#.###..>###.## ##.###
#.....#.....# ##..#
#....#......# ##...##
##.##.###########.....##
#.##.# #..............#
#.##.# #.#######.......
#.##.###.########......
#.##.##................


You could see 2 gnolls and a hobgoblin.

Vanquished Creatures
  A gnoll (D:2)
  A dart slug (D:1)
  4 endoplasms
  3 goblins
  6 jackals
  3 kobolds
  2 quokkas
  2 ball pythons (D:1)
  4 bats (D:1)
  8 frilled lizards
  3 rats
  A spectral goblin (D:1)
38 creatures vanquished.

Vanquished Creatures (others)
  5 plants (D:2)
5 creatures vanquished.

Grand Total: 43 creatures vanquished

Notes
Turn   | Place    | Note
-------+----------+-------------------------------------------
     0 | D:1      | qw the Tengu Warper began the quest for the Orb.
     0 | D:1      | Reached XP level 1. HP: 12/12 MP: 4/4
     0 | D:1      | 0 ||| qw: Version: 0.1-a-89-g26bdef1
     0 | D:1      | 0 ||| qw: Game counter: 408
     0 | D:1      | 0 ||| qw: Always use a shield: true
     0 | D:1      | 0 ||| qw: God list: Okawaru
     0 | D:1      | 0 ||| qw: Allow faded altars: false
     0 | D:1      | 0 ||| qw: Do Orc after D:15 true
     0 | D:1      | 0 ||| qw: Do second Lair branch before Depths: true
     0 | D:1      | 0 ||| qw: Lair rune preference: random
     0 | D:1      | 0 ||| qw: Plans: Normal
     0 | D:1      | 0 ||| PLANNING D:1-11
   538 | D:1      | Reached skill level 3 in Axes
   538 | D:1      | Reached XP level 2. HP: 10/17 MP: 6/6
   740 | D:1      | Found a faded altar of an unknown god.
   954 | D:1      | 954 ||| Stepping ~*~*~tactically~*~*~ (hiding).
  1057 | D:1      | 1057 ||| Stepping ~*~*~tactically~*~*~ (hiding).
  1172 | D:1      | 1172 ||| Stepping ~*~*~tactically~*~*~ (hiding).
  1189 | D:1      | 1189 ||| Stepping ~*~*~tactically~*~*~ (stealth).
  1452 | D:1      | Reached XP level 3. HP: 21/21 MP: 7/7
  1489 | D:1      | 1489 ||| READING scroll labelled LAWEUKKYITZ.
  1490 | D:1      | 1490 ||| READING scroll labelled IKLE GAETSUSOIG.
  1491 | D:1      | 1491 ||| DROPPING scroll of blinking.
  1502 | D:2      | 1502 ||| STAIRDANCE
  1683 | D:2      | 1683 ||| Stepping ~*~*~tactically~*~*~ (stealth).
  1691 | D:2      | Reached skill level 4 in Axes
  1945 | D:2      | 1945 ||| Stepping ~*~*~tactically~*~*~ (stealth).
  1954 | D:2      | 1954 ||| Stepping ~*~*~tactically~*~*~ (stealth).
  1958 | D:2      | HP: 2/21 [gnoll/+0 spear (4)]
  1960 | D:2      | Slain by a gnoll

Levels and vault maps discovered:
D:1:      dpeg_arrival_refuge, layout_basic,
          dreamdust_ecumenical_altar_drowned_temple
D:2:      layout_loops_ring, nicolae_grassy_gnolls

Skill      XL: |  1  2  3 |
---------------+----------+-----
Axes           | 3 4 |  4.4
Fighting       | |  2.0
Throwing       | |  1.0
Armour         | |  1.1
Dodging        | |  2.1
Spellcasting   | |  2.0
Translocations | |  2.4

Action                   || total
-------------------------++-------
Melee: Hand axe          ||    77
       Kick              ||    15
       Peck              ||    11
       Punch             ||     1
Throw: Boomerang         ||     7
  Use: Scroll            ||     2
Armor: Leather armour    ||    26
Dodge: Dodged            ||    43

Table legend:
 A = Non-vault XP
 B = Vault XP
 C = Vault XP percentage of total XP
 D = Non-vault monster count
 E = Vault monster count
 F = Vault count percentage of total count
                 A         B        C        D         E       F
            +---------+---------+-------+---------+---------+-------
      Total |      55 |      15 |  21.4 |      36 |       2 |   5.3
            +---------+---------+-------+---------+---------+-------
        D:1 |      37 |       1 |   2.6 |      25 |       1 |   3.8
        D:2 |      18 |      14 |  43.8 |      11 |       1 |   8.3
            +---------+---------+-------+---------+---------+-------
